 Dungeon Crawl Stone Soup version 0.31-a0-968-g24f9ace8b5 (webtiles) character file.

Game seed: 5779048857120418242

9 jasper the Ducker (level 2, 0/18 HPs)
             Began as a Deep Elf Chaos Knight on Oct 27, 2023.
             Was a Plaything of Xom.
             Frozen to death by an endoplasm (3 damage)
             ... on level 1 of the Dungeon.
             The game lasted 00:00:55 (144 turns).

jasper the Ducker (Deep Elf Chaos Knight)            Turns: 144, Time: 00:00:56

Health: 0/18       AC:  5    Str:  9    XL:     2   Next: 6%
Magic:  4/4        EV: 12    Int: 16    God:    Xom [....*.]
Gold:   14         SH:  0    Dex: 14    Spells: 1/1 levels left

rFire   . . .        a - +0 spear (chaos)
rCold   . . .        (no shield)
rNeg    . . .        b - +2 leather armour
rPois   +            (no helmet)
rElec   .            (no cloak)
rCorr   .            (no gloves)
SInv    .            (no boots)
Will    .....        (no amulet)
Stlth   +            d - ring of poison resistance
HPRegen 0.23/turn    (no ring)
MPRegen 0.09/turn

%: no passive effects
@: no status effects
A: no striking features
a: Renounce Religion


You were on level 1 of the Dungeon.
You worshipped Xom.
You were a beloved toy of Xom.
You visited 1 branch of the dungeon, and saw 1 of its levels.

You collected 14 gold pieces.

Inventory:

Hand Weapons
 a - a +0 spear of chaos (weapon)
Armour
 b - a +2 leather armour (worn)
Jewellery
 d - a ring of poison resistance (left hand)
Scrolls
 c - a scroll of butterflies
 e - a scroll of fog {unknown}


   Skills:
 + Level 2.7 Fighting
 - Level 2.1 Polearms
 - Level 0.7 Armour
 + Level 3.0 Dodging


You had one spell level left.
You didn't know any spells.
Your spell library was empty.

Dungeon Overview and Level Annotations

Branches:
Dungeon (1/15)

Altars:


Message History

You closely miss the ball python.
The ball python is moderately wounded.
The ball python bites you. The ball python constricts you.
* * * LOW HITPOINT WARNING * * *
You take 1 damage, and have 5/18 hp.
You closely miss the ball python.
The ball python is moderately wounded.
The ball python bites you but does no damage.
The ball python constricts you. The ball python closely misses you.
The ball python constricts you.
You barely miss the ball python.
The ball python is moderately wounded.
The ball python bites you but does no damage.
The ball python constricts you.
You closely miss the ball python.
The ball python is moderately wounded.
The ball python completely misses you. The ball python constricts you.
You hit the ball python but do no damage.
Lightning courses through the ball python!!
You kill the ball python!
Your Dodging skill increases to level 3!
The endoplasm closely misses you.
You hit the endoplasm.
The endoplasm suddenly seems more agile.
Xom thinks this is hilarious!
The endoplasm is lightly wounded.
The endoplasm closely misses you.
You hit the endoplasm but do no damage.
The endoplasm is lightly wounded.
The endoplasm freezes you.
You are frozen.
* * * LOW HITPOINT WARNING * * *
You take 3 damage, and have 3/18 hp.
You hit the endoplasm.
The endoplasm seems to speed up.
The endoplasm is moderately wounded.
The endoplasm hits you but does no damage.
The endoplasm freezes you.
You are frozen.
You die... "Huh?
Did I miss anything?"

#.S... #... #..... .# #...
..##....### #.# ########...
..........# ..# ...........
..........# .. ###########
..........# .##.# #.....)
..........##....# #.#####
...........J# #.##...
..........#@# #.##...
..........#.# ######......
..........#.### #......†#...
..........#...###.####..#...
......!...........###..##...
.............##..)....###...
.............##.......# #...
.............##...).>## #...
..#######....##......# ...


You could see an endoplasm (fast, agile).

Vanquished Creatures
  An endoplasm (D:1)
  2 goblins (D:1)
  A hobgoblin (D:1)
  2 ball pythons (D:1)
  A frilled lizard (D:1)
  2 rats (D:1)
9 creatures vanquished.

Notes
Turn   | Place    | Note
-------+----------+-------------------------------------------
     0 | D:1      | jasper the Deep Elf Chaos Knight began the quest for the
                  | Orb.
     0 | D:1      | Reached XP level 1. HP: 13/13 MP: 3/3
    55 | D:1      | XOM: potion effect (berserk rage)
   115 | D:1      | Reached XP level 2. HP: 18/18 MP: 4/4
   141 | D:1      | Reached skill level 3 in Dodging
   144 | D:1      | Frozen to death by an endoplasm

Illustrated notes

Levels and vault maps discovered:
D:1:      sevenhm_arrival_forest_fort_small_3, layout_basic,
          minmay_rat_gold_closets

Skill      XL: |  1  2 |
---------------+-------+-----
Dodging        | 3 |  3.0
Fighting       | |  2.7
Polearms       | |  2.1
Armour         | |  0.7

Action                     || total
---------------------------++-------
  Melee: Spear             ||    54
 Armour: Leather armour    ||    27
  Dodge: Dodged            ||    53

Table legend: (Time is in decaauts)
 A = Elapsed time spent in this place.
 B = Non-inter-level travel time spent in this place.
 C = Inter-level travel time spent in this place.
 D = Time resting spent in this place.
 E = Time spent auto-exploring this place.
 F = Levels seen in this place.
 G = Mean time per level.
                   A        B        C        D        E       F      G
               +--------+--------+--------+--------+--------+-----+--------+
         Total |    155 |    155 |      0 |      0 |     52 |   1 |  155.0 |
       Dungeon |    155 |    155 |      0 |      0 |     52 |   1 |  155.0 |
               +--------+--------+--------+--------+--------+-----+--------+

Top non-repeatable levels by time:
     D:1: 155 daAuts
